cohdb
Replays
Latest Replays
All Replays
Popular Replays
Top Player Replays
Match Explorer
How It Works
Community
CoH3 Stats
Reddit
Sign in to upload your games and track your stats! →
Sign in with Steam
Match 41869192
Unlisted
Match 41869192
Overview
Messages
Build Orders
End
Pioneer Squad
Construct Infanterie Kompanie
Selects Terror Battlegroup
Selects Machine Gun Camouflage
MG 42 Machine Gun Team
MG 42 Machine Gun Team
Grenadier Squad
Construct Luftwaffe Kompanie
Flak 30 Anti-aircraft Gun Team
Jäger Squad
Medical Bunker
Jäger Squad
Selects Interrogate
Luftwaffe Officer Quarters
221 Scout Car
Construct Panzer Kompanie
Medical Bunker
Stoßtruppen Squad
Panzer Officer Quarters
Selects Jericho Trumpet
Sturmpanzer IV Brummbär
Jericho Trumpet
Panzer IV Medium Tank
MG 42 Bunker
Jericho Trumpet
Selects No Quarter
Panzer IV Medium Tank
Stoßtruppen Squad
Jericho Trumpet
Panzer IV Medium Tank
Side Skirts
Jericho Trumpet
Selects V1 Rocket Strike
Construct Panzergrenadier Kompanie
Panzer IV Medium Tank
Jericho Trumpet
Medical Bunker
Pak 40 Anti-tank Gun Team
Jericho Trumpet
Ra11
DangerouslyDumb
Right Click God
Nedish
KusseKarl
Zulu
0
0
Comments
sign in to comment!
No comments posted yet!